 Dungeon Crawl Stone Soup version 0.18.1-48-g4cf74bf (webtiles) character file.

97 PossumBlood the Shooter (level 4, 0/33 HPs)
             Began as a High Elf Hunter on Aug 22, 2016.
             Slain by a goblin
             ... wielding a +0 club
             ... led by Robin
              (3 damage)
             ... on level 2 of the Dungeon.
             The game lasted 00:04:20 (1213 turns).

PossumBlood the Shooter (High Elf Hunter)           Turns: 1213, Time: 00:04:21

Health: 0/33       AC:  3    Str: 11    XL:     4   Next: 42%
Magic:  5/5        EV: 12    Int: 15    God:
Gold:   74         SH:  0    Dex: 16    Spells: 0 memorised, 3 levels left

rFire  . . .     SeeInvis .     a - +1 shortbow
rCold  . . .     Gourm    .     c - +0 leather armour
rNeg   . . .     Faith    .     (shield currently unavailable)
rPois  .         Spirit   .     (no helmet)
rElec  .         Dismiss  .     (no cloak)
rCorr  .         Reflect  .     (no gloves)
SustAt .         Harm     .     (no boots)
MR     .....                    j - amulet of regeneration
Stlth  ++........               (no ring)
                                (no ring)

@: not resistant to hostile enchantments, unstealthy
A: no striking features
a: no special abilities


You were on level 2 of the Dungeon.
You were full.

You visited 1 branch of the dungeon, and saw 2 of its levels.

You collected 74 gold pieces.

Inventory:

Hand Weapons
 a - a +1 shortbow (weapon)
 b - a +0 short sword
Missiles
 d - an arrow (quivered)
Armour
 c - a +0 leather armour (worn)
Jewellery
 j - an amulet of regeneration (around neck)
Scrolls
 g - a scroll of identify
 k - 2 scrolls of noise
 o - a scroll of remove curse
Potions
 e - a potion of invisibility
 l - a potion of flight {unknown}
 n - a potion of degeneration {unknown}
Comestibles
 f - 2 bread rations
 i - 2 meat rations
 m - a royal jelly


   Skills:
 * Level 4.0 Fighting
 + Level 6.2 Bows
 - Level 2.1 Dodging
 - Level 1.1 Stealth


You had 3 spell levels left.
You didn't know any spells.

Dungeon Overview and Level Annotations

Branches:
Dungeon (2/15)

Altars:
Gozag

Annotations:
D:2 Robin


Message History

a - a +1 shortbow (weapon)
The goblin hits you with a club.
* * * LOW HITPOINT WARNING * * *
The hobgoblin misses you.
You are too injured to fight recklessly!
You are too injured to fight recklessly!
You are too injured to fight recklessly!
You are too injured to fight recklessly!
You are too injured to fight recklessly!
You are too injured to fight recklessly!
Firing (i - inventory):
d - 2 arrows (quivered)
Press: ? - help, Shift-Dir - straight line, f - hobgoblin
Aim: a hobgoblin (unusually strong)
You shoot an arrow. The arrow hits the hobgoblin!
You kill the hobgoblin!
The hobgoblin barely misses you. The goblin hits you with a dagger.
* * * LOW HITPOINT WARNING * * *
The hobgoblin closely misses you. Robin throws the goblin at you!
The goblin hits you with a club.
You die...

##.#.## # #.###.# ##
####.#.#### ##.
#.........# ##..
##.###.#.#.# ##...
###...##....(###....
###≈≈...≈≈....((.'....
#≈≈≈≈gg.≈≈≈≈...###....
#≈≈≈##@g'##≈≈≈≈≈≈###...
#≈≈≈#g†g..#≈≈≈≈≈≈≈###..
#.. #.....#.....≈≈≈###.
#. #.....#.)....≈≈# ##
##+##.....##+##..≈≈#
#...#.....# #(.≈≈#
#.?.#.....# #ggg#..(..#
##)##.....##


You could see Robin, 2 hobgoblins and 2 goblins.

Vanquished Creatures
  2 adders (D:2)
  An ooze (D:1)
  2 worms (D:2)
  A dart slug (D:2)
  A giant gecko (D:2)
  9 bats
  3 giant cockroaches (D:1)
  16 goblins
  7 hobgoblins
  3 jackals (D:2)
  5 kobolds
  2 quokkas (D:2)
  2 giant newts (D:1)
  5 rats
59 creatures vanquished.

Notes
Turn   | Place    | Note
--------------------------------------------------------------
     0 | D:1      | PossumBlood the High Elf Hunter began the quest for the Orb.
     0 | D:1      | Reached XP level 1. HP: 14/14 MP: 2/2
    58 | D:1      | Reached XP level 2. HP: 20/20 MP: 3/3
   556 | D:2      | Found an opulent altar of Gozag.
   606 | D:2      | Reached XP level 3. HP: 26/26 MP: 4/4
   845 | D:2      | Reached skill level 6 in Bows
   955 | D:2      | Reached XP level 4. HP: 28/32 MP: 5/5
  1068 | D:2      | Noticed Robin
  1213 | D:2      | Slain by a goblin

Skill      XL: |  1  2  3  4 |
---------------+-------------+-----
Fighting       | 3 4 |  4.0
Bows           | 6 |  6.2
Dodging        | |  2.1
Stealth        | |  1.1

Action                   |  1- 3 |  4- 6 || total
-------------------------+-------+-------++-------
Melee: Short sword       |     7 |    54 ||    61
 Fire: Shortbow          |    89 |    18 ||   107
  Use: Scroll            |     3 |     2 ||     5
       Potion            |       |     1 ||     1
 Stab: Sleeping          |       |     1 ||     1
  Eat: Meat ration       |       |     1 ||     1
Armor: Leather armour    |    16 |    28 ||    44
Dodge: Dodged            |    38 |    83 ||   121
